 Dungeon Crawl Stone Soup version 0.31.0-4-g52a2dc7128 (console) character file.

Game seed: 16793472239656445292

76 AlterAsc the Changeling (level 4, 0/42 HPs)
             Began as an Octopode Shapeshifter on Jan 21, 2024.
             Slain by an orc
             ... wielding a +0 flail
              (3 damage)
             ... on level 3 of the Dungeon.
             The game lasted 00:02:43 (1279 turns).

AlterAsc the Changeling (Octopode Shapeshifter)     Turns: 1279, Time: 00:02:43

Health: 0/42       AC: 22    Str: 13    XL:     4   Next: 32%
Magic:  4/4        EV:  2    Int: 12    God:
Gold:   76         SH:  0    Dex: 13    Spells: 3/3 levels left

rFire   . .          .
                       - Unarmed
rCold   . . .        (no shield)
rNeg    . . .        (helmet currently unavailable)
rPois   +            (no amulet)
rElec   .            (no ring)
rCorr   .            (no ring)
SInv    .            (no ring)
Will    .....        (no ring)
Stlth   +            (no ring)
HPRegen 0.27/turn    (no ring)
MPRegen 0.09/turn    (no ring)
                     (no ring)

%: no passive effects
@: tree-form
A: stationary, stasis, torment immunity, boosted hp, almost no armour,
(amphibious), 8 rings, (camouflage 1), (gelatinous body 1), (nimble swimmer 1),
(tentacles)
a: no special abilities


You were on level 3 of the Dungeon.
You were a tree.
You visited 1 branch of the dungeon, and saw 3 of its levels.

You collected 76 gold pieces.

Inventory:

Missiles
 e - 12 poisoned darts (quivered)
 h - 11 stones
 l - 4 boomerangs
Talismans
 b - a beast talisman
 c - a flux talisman
 i - a blade talisman
Scrolls
 d - a scroll of immolation {unknown}
 f - a scroll of fog {unknown}
 g - 2 scrolls of identify {unknown}
 j - 2 scrolls of teleportation {unknown}
 k - a scroll of fear {unknown}
 m - a scroll of enchant armour {unknown}


   Skills:
 - Level 1.0 Fighting
 - Level 2.0 Dodging
 - Level 3.0 Unarmed Combat
 + Level 4.7 Shapeshifting


You had 3 spell levels left.
You didn't know any spells.
Your spell library was empty.

Dungeon Overview and Level Annotations

Branches:
Dungeon (3/15)

Altars:


Innate Abilities, Weirdness & Mutations

You are a tree.
Your roots penetrate the ground, keeping you stationary.
You cannot be teleported.
You are immune to unholy pain and torment.
Your maximum health is greatly increased.
You cannot wear most types of armour.
((You are amphibious.))
You can wear up to eight rings at the same time.
((Your skin changes colour to match your surroundings (Stealth+).))
((Your rubbery body absorbs attacks. (AC +1, EV +1)))
((You are camouflaged when in or above water. (Stealth+)))
((You have tentacles for arms and can constrict up to eight enemies at once.))


Message History

The jackal barely misses you.
You barely miss the jackal. Your grab misses the jackal.
The orc hits you from afar with a +0 trident.
The jackal closely misses you. The orc attacks as it pursues you!
The orc closely misses you. The jackal closely misses you.
You tentacle-slap the jackal. You grab the jackal.
The jackal is almost dead.
You constrict the jackal.
You kill the jackal!
The orc hits you with a +0 trident.
You see here a jackal corpse.
You tentacle-slap the orc. You grab the orc.
The orc is heavily wounded.
You constrict the orc. The orc barely misses you.
You tentacle-slap the orc.
You kill the orc!
You closely miss the orc. Your grab misses the orc. The orc barely misses you.
You tentacle-slap the orc but do no damage.
Your grab misses the orc. You squeeze the orc.
The orc is almost dead.
The orc hits you with a +0 flail!
You are too injured to fight recklessly!
You are too injured to fight recklessly!
You barely miss the orc. Your grab misses the orc.
You squeeze the orc, but do no damage.
The orc is almost dead.
The orc hits you with a +0 flail.
The orc wizard casts a spell.
The orc wizard flickers and vanishes!
Deactivating autopickup; reactivate with Ctrl-A.
The orc attacks as it pursues you! The orc hits you with a +0 flail!
* * * LOW HITPOINT WARNING * * *
Really quaff the potion of lignification?
Uppercase [Y]es or [N]o only, please.
Really quaff the potion of lignification?
Your transformation has ended.
You turn into a tree.
Your roots penetrate the ground.
The orc hits you but does no damage.
You hit the orc but do no damage.
The orc is almost dead.
The orc hits you with a +0 flail.
You die...

###########
#.........#
#.#######.#
#.# #.# #.#
#.# #.# #.#
#.# #.# #.#
#♣# #.# #o#
#.# #.#
######.#
#h#
#......#
#†#
#.######
#o# #.# #)#
#.# #.. #.#
#..h #.#
##... #.#
....


You could see 2 orcs and a jackal.

Vanquished Creatures
  An orc priest (D:3)
  An adder (D:2)
  2 ribbon worms (D:2)
  An orc (D:3)
  A ball python (D:1)
  4 bats
  2 endoplasms (D:2)
  5 goblins
  5 hobgoblins
  2 jackals (D:3)
  A quokka (D:2)
  3 frilled lizards
  A kobold (D:2)
29 creatures vanquished.

Notes
Turn   | Place    | Note
-------+----------+-------------------------------------------
     0 | D:1      | AlterAsc the Octopode Shapeshifter began the quest for the
                  | Orb.
     0 | D:1      | Reached XP level 1. HP: 13/13 MP: 1/1
   232 | D:1      | Reached XP level 2. HP: 8/18 MP: 2/2
   566 | D:2      | Reached XP level 3. HP: 12/23 MP: 3/3
   627 | D:2      | Reached skill level 4 in Shapeshifting
  1260 | D:3      | Reached XP level 4. HP: 28/28 MP: 4/4
  1277 | D:3      | HP: 1/28 [orc/+0 flail (9)]
  1279 | D:3      | Slain by an orc

Illustrated notes

Levels and vault maps discovered:
D:1:      nzn_arrival_water_spiral, layout_rooms, serial_glass, glass_columns_a,
          glass_columns_a
D:2:      layout_basic, glass_columns_a
D:3:      layout_basic, mainiacjoe_overflow_swirl,
          hellmonk_ecumenical_altar_heavens_door, uniq_ijyb

Skill      XL: |  1  2  3 |
---------------+----------+-----
Shapeshifting  | 4 |  4.7
Fighting       | |  1.0
Dodging        | |  2.0
Unarmed Combat | |  3.0

Action                     |  1- 3 |  4- 6 || total
---------------------------+-------+-------++-------
  Melee: Unarmed           |    61 |    10 ||    71
         Constrict         |    17 |     2 ||    19
         Tentacles         |    10 |     2 ||    12
         Punch             |     2 |       ||     2
    Use: Potion            |       |     1 ||     1
   Stab: Sleeping          |     4 |       ||     4
 Armour: Skin              |    22 |     8 ||    30
  Dodge: Dodged            |    39 |     8 ||    47
